 Dungeon Crawl Stone Soup version 0.30-a0-365-ge7f957f1db (webtiles) character file.

Game seed: 169102132154733592

676 Manisia the Covert (level 7, 38/38 HPs)
             Began as a Vampire Enchanter on Nov 17, 2022.
             Was an Initiate of Dithmenos.
             Quit the game on level 4 of the Dungeon on Nov 18, 2022.
             The game lasted 00:10:09 (4061 turns).

Manisia the Covert (Vampire Enchanter)              Turns: 4061, Time: 00:10:10

Health: 38/38      AC:  4    Str:  7    XL:     7   Next: 33%
Magic:  12/12      EV: 13    Int: 20    God:    Dithmenos [......]
Gold:   125        SH:  0    Dex: 14    Spells: 5/13 levels left

rFire   . . .      SeeInvis +    p - +1 dagger (vamp)
rCold   + + +      Faith    .    (no shield)
rNeg    + + +      Spirit   .    b - +0 robe
rPois   ∞          Reflect  .    (no helmet)
rElec   .          Harm     .    r - +1 cloak
rCorr   .          Rampage  .    (no gloves)
Will    .....                    (no boots)
Stlth   ++++++....               (no amulet)
HPRegen 0.26/turn                l - ring of protection from cold
MPRegen 0.13/turn                (no ring)

@: bloodless
A: bloodless, fangs 3, see invisible, vampiric 2
a: Bat Form, Revivify, Renounce Religion


You were on level 4 of the Dungeon.
You worshipped Dithmenos.
Dithmenos was noncommittal.
You visited 1 branch of the dungeon, and saw 4 of its levels.

You collected 263 gold pieces.
You spent 138 gold pieces at shops.

Inventory:

Hand Weapons
 a - a +1 dagger
 p - a +1 vampiric dagger (weapon)
Missiles
 f - 5 poisoned darts
Armour
 b - a +0 robe (worn)
 r - a +1 cloak (worn)
Jewellery
 k - a ring of ice
 l - a ring of protection from cold (left hand)
Wands
 h - a wand of flame (26)
Scrolls
 g - a scroll of fog {unknown}
 o - a scroll of amnesia
 q - 2 scrolls of identify
 s - 2 scrolls of vulnerability {unknown}
Potions
 c - 3 potions of invisibility
 d - a potion of lignification {unknown}
 e - 4 potions of curing
 i - 2 potions of heal wounds
 j - 3 potions of brilliance
 m - a potion of resistance {unknown}
 n - a potion of might {unknown}


   Skills:
 + Level 1.1 Fighting
 + Level 3.5 Short Blades
 + Level 2.9 Dodging
 - Level 8.0 Stealth
 + Level 3.5 Spellcasting
 + Level 6.7 Hexes
 + Level 2.2 Ice Magic


You had 5 spell levels left.
You knew the following spells:

 Your Spells              Type           Power      Damage    Failure   Level
a - Ensorcelled Hibernat  Hex/Ice        42%        N/A       3%          2
b - Confusing Touch       Hex            30%        N/A       2%          3
c - Dazzling Flash        Conj/Hex       34%        N/A       10%         3

Your spell library contained the following spells:

 Spells                   Type           Power      Damage    Failure   Level
 Tukima's Dance           Hex            30%        N/A       2%          3
 Apportation              Tloc           6%         N/A       14%         1
 Alistair's Intoxication  Tmut/Pois      2%         N/A       98%         5


Dungeon Overview and Level Annotations

Branches:
Dungeon (4/15)
 Temple: D:4-7

Altars:
Dithmenos
Ru
Vehumet

Shops:
D:4 =[(*

Annotations:
D:4 3 runed translucent doors, SleepySteel's ghost, amateur DjAE


Innate Abilities, Weirdness & Mutations

You do not regenerate when monsters are visible.
You are frail without blood (-20% HP).
You can heal yourself when you bite living creatures.
You are immune to poison.
You have razor-sharp teeth.
You have supernaturally acute eyesight. (SInv)
You are afflicted with vampirism and can become a bat while bloodless.


Message History

There is a shaft here.
You open the door.
Found a radiant altar of Vehumet and a shadowy altar of Dithmenos.
There is an open door here.
Okay, then.
There is an open door here.
Found a stone staircase leading down.
q - 2 scrolls of identify (gained 1)
j - 3 potions of brilliance (gained 1)
There is a stone staircase leading down here.
There is a large open door here.
You open the door.
There is an open door here.
Found a robe.
There is an open door here.
There is a fountain of clear blue water here.
There is a stone staircase leading up here.
There is an open door here.
There is a shaft here.
There is an open door here.
There is an open door here.
There is an open door here.
SleepySteel's ghost turns its malevolent gaze towards you.
SleepySteel's ghost wails, "Very impressive.
But it won't help.
Nothing will."
There is an open door here.
There is a shaft here.
There is an open door here.
You enter the shallow water.
Moving in this stuff is going to be slow.
There is a shadowy altar of Dithmenos here.
You kneel at the altar of Dithmenos.
Dithmenos welcomes you!
Level annotation: 3 runed translucent doors, SleepySteel's ghost, amateur DjAE Welcome back, Manisia the Vampire Enchanter.
Dithmenos says: Spread the eternal night.
Press ? for a list of commands and other information.
There is an open door here.
There is an open door here.
There is an open door here.
Are you sure you want to abandon this character and quit the game? (Confirm with "yes".)

##..+Z..W##''.......#####+#
#...+...[.###..............
#...+...$## #..............
#...#.....# #......♣.♣.♣.♣.
#.#.#.#.#.# #.......⌠.∩.⌠..
#...##### # ##.....♣.♣.♣.♣.
###....# #......∩...∩..
#....#######.....♣.♣.♣.♣.
#....'..@....#....⌠.∩.⌠..
#....#######.##..♣.♣.♣.♣.
###### #.###......... #.#
##........ ###.# #........
#...# #........
#.#+####........
#####........#######
#............#


There were no monsters in sight!

Vanquished Creatures
  Grinder (D:4)
  An ogre (D:4)
  A phantom (D:4)
  A jelly (D:4)
  Ijyb (D:3)
  4 iguanas
  Robin (D:4)
  4 gnolls (D:3)
  2 adders (D:2)
  An ufetubus (D:4)
  A worm (D:3)
  A dart slug (D:1)
  3 orcs (D:3)
  5 ball pythons
  6 endoplasms
  A giant cockroach (D:4)
  16 goblins
  7 hobgoblins
  3 jackals (D:1)
  8 kobolds
  A quokka (D:1)
  7 bats
  6 frilled lizards
  4 rats
86 creatures vanquished.

Notes
Turn   | Place    | Note
-------+----------+-------------------------------------------
     0 | D:1      | Manisia the Vampire Enchanter began the quest for the Orb.
     0 | D:1      | Reached XP level 1. HP: 13/13 MP: 3/3
   151 | D:1      | Reached skill level 5 in Stealth
   167 | D:1      | Reached XP level 2. HP: 15/19 MP: 5/5
   303 | D:1      | Learned a level 2 spell: Ensorcelled Hibernation
   735 | D:2      | Found a faded altar of an unknown god.
   770 | D:2      | Gained mutation: You are afflicted with vampirism and can
                  | become a bat while bloodless. [Vampire growth]
   770 | D:2      | Reached XP level 3. HP: 16/16 MP: 6/6
   774 | D:2      | Learned a level 3 spell: Confusing Touch
  1219 | D:2      | Reached skill level 6 in Stealth
  1219 | D:2      | Reached skill level 5 in Hexes
  1900 | D:3      | Reached XP level 4. HP: 21/21 MP: 0/7
  2332 | D:3      | Noticed Ijyb
  2337 | D:3      | Killed Ijyb
  2338 | D:3      | Reached skill level 1 in Ice Magic
  2338 | D:3      | Reached XP level 5. HP: 25/25 MP: 8/8
  2342 | D:3      | Learned a level 3 spell: Dazzling Flash
  2535 | D:3      | Identified the +4 mace of Binalugo {elec, rF+}
  2755 | D:4      | Noticed an ogre
  2779 | D:4      | Killed an ogre
  2780 | D:4      | Reached skill level 7 in Stealth
  2921 | D:4      | Reached XP level 6. HP: 33/33 MP: 5/10
  2996 | D:4      | Reached skill level 8 in Stealth
  3303 | D:4      | Found a sacrificial altar of Ru.
  3443 | D:4      | Found Fuamnoph's Jewellery Boutique.
  3445 | D:4      | Found Zimabuov's Weapon Boutique.
  3445 | D:4      | Found Pemowupa's Antique Armour Boutique.
  3446 | D:4      | Noticed Grinder
  3447 | D:4      | Found Gucwonk's General Store.
  3467 | D:4      | Killed Grinder
  3468 | D:4      | Reached skill level 1 in Fighting
  3468 | D:4      | Reached XP level 7. HP: 33/38 MP: 8/12
  3508 | D:4      | Bought a +1 cloak for 138 gold pieces
  3553 | D:4      | Noticed Robin
  3558 | D:4      | Killed Robin
  3618 | D:4      | Found a radiant altar of Vehumet.
  3618 | D:4      | Found a shadowy altar of Dithmenos.
  3720 | D:4      | Found a runed translucent gate.
  3720 | D:4      | Found a runed translucent gate.
  3720 | D:4      | Found a runed translucent gate.
  3721 | D:4      | Noticed SleepySteel's ghost (amateur DjAE)
  4008 | D:4      | Became a worshipper of Dithmenos the Shadowed
  4061 | D:4      | Quit the game

Illustrated notes

Levels and vault maps discovered:
D:1:      saegor_arrival_under_anarchy, layout_basic
D:2:      layout_basic, shapermc_ecumenical_altar_pompeii
D:3:      layout_basic, uniq_ijyb
D:4:      layout_basic, overflow_temple_1_default,
          gammafunk_temple_overflow_elements, gammafunk_ghost_necromancy,
          minmay_shop_grid_forest, hangedman_decor_clover_reticule,
          hangedman_feature_mirror, uniq_grinder, uniq_robin

Skill      XL: |  1  2  3  4  5  6 |
---------------+-------------------+-----
Stealth        | 5 6 7 8 |  8.0
Hexes          | 5 6 |  6.7
Short Blades   | 2 3 |  3.5
Ice Magic      | 1 2 |  2.2
Spellcasting   | 3 |  3.5
Fighting       | 1 |  1.1
Dodging        | |  2.9

Action                   |  1- 3 |  4- 6 |  7- 9 || total
-------------------------+-------+-------+-------++-------
Melee: Dagger            |    94 |    78 |    25 ||   197
       Bite              |     4 |     6 |     1 ||    11
 Cast: Ensorcelled Hiber |    18 |    26 |     2 ||    46
       Confusing Touch   |     1 |     3 |       ||     4
 Abil: Exsanguinate      |     2 |       |       ||     2
       Revivify          |     1 |       |       ||     1
       End Transformatio |       |     1 |       ||     1
       Bat Form          |       |     1 |       ||     1
  Use: Scroll            |     6 |     2 |       ||     8
 Stab: Sleeping          |    30 |    27 |     1 ||    58
       Confused          |     1 |     2 |       ||     3
       Distracted        |       |       |     1 ||     1
Armor: Robe              |    19 |     5 |     9 ||    33
Dodge: Dodged            |    51 |    40 |    14 ||   105

Table legend: (Time is in decaauts)
 A = Elapsed time spent in this place.
 B = Non-inter-level travel time spent in this place.
 C = Inter-level travel time spent in this place.
 D = Time resting spent in this place.
 E = Time spent auto-exploring this place.
 F = Levels seen in this place.
 G = Mean time per level.
                   A        B        C        D        E       F      G
               +--------+--------+--------+--------+--------+-----+--------+
         Total |   4037 |   3828 |    209 |    156 |   2919 |   4 | 1009.2 |
       Dungeon |   4037 |   3828 |    209 |    156 |   2919 |   4 | 1009.2 |
               +--------+--------+--------+--------+--------+-----+--------+

Top non-repeatable levels by time:
     D:4: 1470 daAuts
     D:3: 1089 daAuts
     D:2: 776 daAuts
     D:1: 701 daAuts
